 Dungeon Crawl Stone Soup version 0.31.0-11-ge490571c62 (webtiles) character file.

Game seed: 15393825079177980438

59 Bravepunisher the Ducker (level 3, 18/20 HPs)
             Began as a Spriggan Monk on Feb 4, 2024.
             Quit the game on level 4 of the Dungeon.
             The game lasted 00:08:45 (1239 turns).

Bravepunisher the Ducker (Spriggan Monk)            Turns: 1239, Time: 00:08:45

Health: 18/20      AC:  3    Str: 13    XL:     3   Next: 78%
Magic:  4/4        EV: 28    Int: 11    God:
Gold:   136        SH:  0    Dex: 27    Spells: 2/2 levels left

rFire   . . .        a - +0 short sword
rCold   . . .        (no shield)
rNeg    . . .        b - +0 robe
rPois   .            (helmet restricted)
rElec   +            g - +0 cloak
rCorr   .            (gloves unavailable)
SInv    +            (boots unavailable)
Will    .....        (no amulet)
Stlth   ++           h - ring of Demons {*Corrode rElec EV+5 Int-4 Dex+8}
HPRegen 0.23/turn    n - ring of Xom's Attic {rElec Str+6 Int+4}
MPRegen 0.09/turn

%: corrode self (3%)
@: very quick
A: very small, no large weapons, unfitting armour, see invisible, speed 3
a: no special abilities


You were on level 4 of the Dungeon.
You visited 1 branch of the dungeon, and saw 7 of its levels.

You collected 136 gold pieces.

Inventory:

Hand Weapons
 a - a +0 short sword (weapon)
Armour
 b - a +0 robe (worn)
 g - a +0 cloak (worn)
 i - a +2 buckler
Jewellery
 h - the ring of Demons (left hand) {*Corrode rElec EV+5 Int-4 Dex+8}
   (You found it on level 4 of the Dungeon)

   [ring of evasion]

   EV+5:      It affects your evasion (+5).
   Int-4:     It affects your intelligence (-4).
   Dex+8:     It affects your dexterity (+8).
   rElec:     It insulates you from electricity.
   *Corrode:  It may corrode you when you take damage.
 n - the ring of Xom's Attic (right hand) {rElec Str+6 Int+4}
   (You found it on level 6 of the Dungeon)

   [ring of strength]

   Str+6:     It affects your strength (+6).
   Int+4:     It affects your intelligence (+4).
   rElec:     It insulates you from electricity.
Wands
 k - a wand of charming (3)
 l - a wand of flame (7)
Scrolls
 e - a scroll of blinking {unknown}
 f - a scroll of fog {unknown}
 j - a scroll of acquirement {unknown}
 m - a scroll of brand weapon {unknown}
 o - 2 scrolls of enchant armour {unknown}
 p - 2 scrolls of immolation {unknown}
 q - a scroll of poison {unknown}
Potions
 c - a potion of ambrosia
 d - a potion of curing {unknown}


   Skills:
 + Level 3.0 Fighting
 - Level 3.2 Short Blades
 * Level 5.7 Dodging


You had 2 spell levels left.
You didn't know any spells.
Your spell library was empty.

Dungeon Overview and Level Annotations

Branches:
Dungeon (7/15)
 Temple: D:4-7

Altars:

Shops:
D:5 =[!=

Annotations:
D:4 Robin
D:5 Blork the orc
D:6 Dowan, Duvessa, Sigmund


Innate Abilities, Weirdness & Mutations

You are very small and have problems with some larger weapons.
You are too small for most types of armour.
You have supernaturally acute eyesight. (SInv)
You cover ground extremely quickly. (Speed+++)


Message History

The jackal closely misses you.
You hit the jackal but do no damage. The jackal completely misses you.
You hit the jackal.
The jackal is almost dead.
You hear the rapid rusting of a very distant drain.
The jackal completely misses you.
You hit the jackal.
You kill the jackal!
The jackal completely misses you.
You hit the jackal.
The jackal is almost dead.
The jackal closely misses you.
You barely miss the jackal.
The jackal is almost dead.
The jackal completely misses you.
You closely miss the jackal.
The jackal is almost dead.
The jackal closely misses you.
You hit the jackal.
You kill the jackal!
You hit the jackal but do no damage. The jackal misses you.
You hit the jackal.
The jackal is moderately wounded.
The jackal completely misses you.
You miss the jackal.
The jackal is moderately wounded.
The jackal closely misses you.
You hit the jackal.
You kill the jackal!
Things that are here:
a jackal corpse; a jackal corpse; a jackal corpse
There is a stone staircase leading up here.
You climb upwards.
Level annotation: Robin The hobgoblin shouts!
The goblin completely misses you.
The kobold hits you with a +0 short sword.
The goblin closely misses you. x2
There is a stone staircase leading down here.
Are you sure you want to abandon this character and quit the game? (Confirm with "yes".)

######## ##......##
##........##
#....g.....#
#...g....(.#
#...@g.....# )
#...K......# ..
#...gg.....#
...###..g.....##
.......g.o..g.#
.......#...(g.....#
....... #=..o.g....#
..........#.g.........
...)...?..#..........#


You could see Robin, 3 gnolls, 2 orcs, a hobgoblin, 6 goblins and a kobold.

Vanquished Creatures
  An orc wizard (D:5)
  An adder (D:3)
  3 orcs (D:5)
  2 endoplasms (D:2)
  A goblin (D:1)
  A hobgoblin (D:1)
  3 jackals (D:5)
  4 kobolds
  2 quokkas (D:5)
  A ball python (D:1)
  A bat (D:2)
  2 frilled lizards
22 creatures vanquished.

Notes
Turn   | Place    | Note
-------+----------+-------------------------------------------
     0 | D:1      | Bravepunisher the Spriggan Monk began the quest for the
                  | Orb.
     0 | D:1      | Reached XP level 1. HP: 11/11 MP: 2/2
   202 | D:2      | Reached XP level 2. HP: 15/16 MP: 3/3
   322 | D:4      | Reached skill level 5 in Dodging
   397 | D:5      | Entered Level 5 of the Dungeon
   437 | D:5      | Noticed a scorpion
   462 | D:4      | Noticed Robin
   495 | D:4      | Identified the ring of Demons {*Corrode rElec EV+5 Int-4
                  | Dex+8}
   528 | D:5      | Found Inosh's Antique Armour Boutique.
   581 | D:5      | Found Hecafead's Jewellery Boutique.
   583 | D:5      | Found Muotoles's Distillery.
   584 | D:5      | Found Quuseihu's Jewellery Boutique.
   690 | D:5      | Noticed Blork the orc
   857 | D:6      | Noticed an ice beast
   859 | D:6      | Noticed Sigmund
   936 | D:7      | Noticed a wight
   937 | D:7      | Noticed a wight
   953 | D:6      | Noticed a wight
   953 | D:6      | Noticed a wight
   953 | D:6      | Noticed a wight
   959 | D:6      | Noticed a scorpion
   962 | D:6      | Noticed a scorpion
   966 | D:6      | Noticed a kobold brigand
   966 | D:6      | Noticed a kobold brigand
   974 | D:6      | Noticed Duvessa
   976 | D:6      | Noticed a bombardier beetle
   977 | D:6      | Noticed Dowan
   980 | D:6      | Identified the ring of Xom's Attic {rElec Str+6 Int+4}
  1105 | D:5      | Reached XP level 3. HP: 19/19 MP: 4/4
  1239 | D:4      | Quit the game

Illustrated notes

Levels and vault maps discovered:
D:1:      dpeg_arrival_orchard, layout_loops_ring
D:2:      layout_basic, basic_ecumenical_altar
D:3:      layout_rooms, nicolae_overflow_two_pavilions, roderic_serpentine_path,
          serial_bayou_lake_a
D:4:      layout_rooms, minmay_temple_entry_offerings, uniq_robin
D:5:      layout_layer_cave, gup_sewer_entry_bowl, minmay_shop_grid_forest,
          uniq_blork_the_orc
D:6:      layout_rooms, mainiacjoe_overflow_alcove_2, minmay_misc_feat_doors,
          serial_park_tiny_1, uniq_jeremiah, uniq_sigmund, uniq_duvessa,
          uniq_eustachio
D:7:      layout_loops_ring, serial_library_hellmonk_open_square

Skill      XL: |  1  2  3 |
---------------+----------+-----
Dodging        | 5 |  5.7
Fighting       | 3 |  3.0
Short Blades   | |  3.2

Action                     || total
---------------------------++-------
  Melee: Short sword       ||   124
         Punch             ||     4
  Evoke: Wand              ||     5
   Stab: Sleeping          ||     2
 Armour: Robe              ||    27
  Dodge: Dodged            ||   140
